 Dungeon Crawl Stone Soup version 0.27.1-33-g824d729ab1 (webtiles) character file.

Game seed: 14683312832493191521

16187 safid the Severer (level 12, -3/100 HPs)
             Began as a Hill Orc Fighter on Nov 26, 2021.
             Was a Believer of Beogh.
             Slain by an 11-headed hydra (10 damage)
             ... on level 9 of the Dungeon.
             The game lasted 00:41:26 (14289 turns).

safid the Severer (Hill Orc Fighter)               Turns: 14289, Time: 00:41:26

Health: -3/100     AC: 19    Str: 24    XL:     12   Next: 34%
Magic:  15/15      EV:  7    Int:  8    God:    Beogh [**....]
Gold:   517        SH: 14    Dex: 10    Spells: 11/11 levels left

rFire    . . .     SeeInvis .   j - +2 war axe (distort)
rCold    . . .     Faith    +   c - +0 kite shield
rNeg     . . .     Spirit   .   e - +0 plate armour
rPois    .         Reflect  .   (no helmet)
rElec    .         Harm     .   (no cloak)
rCorr    .         Rampage  .   H - +0 pair of gloves
Will     .....                  (no boots)
Stlth    ..........             s - amulet of faith
HPRegen  0.26/turn              r - +4 ring of protection
MPRegen  0.14/turn              (no ring)

@: studying Shields
A: no striking features
a: Renounce Religion, Smiting


You were on level 9 of the Dungeon.
You worshipped Beogh.
Beogh was pleased with you.
You visited 2 branches of the dungeon, and saw 11 of its levels.
You also visited: Sewer.

You collected 597 gold pieces.
You spent 80 gold pieces at shops.

Inventory:

Hand Weapons
 d - a +6 scythe of flaming
 j - a +2 war axe of distortion (weapon)
Missiles
 g - 3 throwing nets
 p - 63 poisoned darts (quivered)
 y - 2 curare-tipped darts
Armour
 c - a +0 kite shield (worn)
 e - a +0 plate armour (worn)
 C - a +2 scale mail of poison resistance
 H - a +0 pair of gloves (worn)
Jewellery
 r - a +4 ring of protection (left hand)
 s - an amulet of faith (around neck)
Wands
 a - a wand of flame (13)
 G - a wand of acid (4)
Scrolls
 f - 2 scrolls of fear {unknown}
 i - 4 scrolls of blinking
 m - a scroll of brand weapon {unknown}
 q - 2 scrolls of teleportation
 t - a scroll of enchant armour {unknown}
 u - 3 scrolls of fog
 A - a scroll of acquirement {unknown}
 D - a scroll of amnesia {unknown}
 E - a scroll of immolation {unknown}
Potions
 b - 4 potions of haste
 h - a potion of might
 k - 3 potions of flight {unknown}
 l - 3 potions of curing
 n - a potion of degeneration {unknown}
 o - a potion of magic {unknown}
 v - 2 potions of ambrosia {unknown}
 w - 3 potions of lignification
 x - a potion of berserk rage {unknown}
 z - a potion of cancellation {unknown}
 B - a potion of experience {unknown}
 F - a potion of attraction {unknown}


   Skills:
 + Level 7.4 Fighting
 + Level 15.4 Axes
 - Level 10.0 Armour
 - Level 15.0 Shields
 + Level 4.9 Invocations


You had 11 spell levels left.
You didn't know any spells.
Your spell library contained the following spells:

 Spells                   Type           Power      Damage    Failure   Level
 Freeze                   Ice            0%         1d3       99%         1
 Blink                    Tloc           N/A        N/A       100%        2
 Dazzling Flash           Conj/Hex       0%         N/A       100%        3
 Frozen Ramparts          Ice            0%         1d2       100%        3
 Lesser Beckoning         Tloc           0%         N/A       100%        3
 Animate Armour           Summ/Erth      0%         N/A       100%        4
 Fulminant Prism          Conj/Hex       0%         3d6       100%        4
 Hailstorm                Conj/Ice       0%         3d3       100%        4
 Iskenderun's Mystic Bla  Conj/Tloc      0%         2d3       100%        4
 Summon Ice Beast         Ice/Summ       0%         N/A       100%        4
 Summon Lightning Spire   Summ/Air       0%         N/A       100%        4
 Agony                    Necr           0%         N/A       100%        5
 Blade Hands              Tmut           0%         N/A       100%        5
 Fireball                 Conj/Fire      0%         3d3       100%        5
 Freezing Cloud           Conj/Ice/Air   0%         6-21      100%        5
 Iskenderun's Battlesphe  Conj           0%         2d6       100%        5
 Lee's Rapid Deconstruct  Erth           0%         3d5*      100%        5
 Manifold Assault         Tloc           0%         N/A       100%        5
 Silence                  Hex/Air        0%         N/A       100%        5
 Summon Mana Viper        Hex/Summ       0%         N/A       100%        5
 Conjure Ball Lightning   Conj/Air       0%         3x3d6     100%        6
 Iron Shot                Conj/Erth      0%         9d1       100%        6
 Simulacrum               Ice/Necr       0%         N/A       100%        6
 Monstrous Menagerie      Summ           0%         N/A       100%        7
 Orb of Destruction       Conj           0%         N/A       100%        7
 Storm Form               Tmut/Air       0%         N/A       100%        7
 Maxwell's Capacitive Co  Air            0%         ∞         100%        8
 Polar Vortex             Ice            0%         N/A       100%        9


Dungeon Overview and Level Annotations

Branches:
Dungeon (10/15)            Temple (0/1) D:6            Lair (1/6) D:9
  Sewer (visited)
    Orc: D:9-12

Altars:
Cheibriados
Nemelex Xobeh
Okawaru
Qazlal
Ru
Uskayaw
Vehumet
Yredelemnul
The Shining One

Shops:
D:7 =   D:8 *

Annotations:
D:3 2 transporters, styxcanada's ghost, amateur SpBr


Message History

Press: ? - help, Shift-Dir - straight line, f/p - 11-headed hydra
Aim: an 11-headed hydra (heavily wounded, 90% to hit)
The bolt of acid hits the 11-headed hydra!
The 11-headed hydra is splashed with acid.
The acid corrodes the 11-headed hydra!
The 11-headed hydra is severely wounded.
You block the 11-headed hydra's attack. x2
The 11-headed hydra bites you but does no damage. x3
You block the 11-headed hydra's attack.
The 11-headed hydra bites you but does no damage.
The 11-headed hydra bites you!
The 11-headed hydra bites you but does no damage.
The 11-headed hydra bites you.
* * * LOW HITPOINT WARNING * * *
The 11-headed hydra bites you.
* * * LOW HITPOINT WARNING * * *
Aiming: Throw Flame
Press: ? - help, Shift-Dir - straight line, f/p - 11-headed hydra
Aim: an 11-headed hydra (severely wounded, covered in acid, 89% to hit)
The puff of flame hits the 11-headed hydra.
The 11-headed hydra is severely wounded.
The 11-headed hydra barely misses you. The 11-headed hydra bites you.
* * * LOW HITPOINT WARNING * * *
The 11-headed hydra barely misses you. You block the 11-headed hydra's attack.
The 11-headed hydra barely misses you.
The 11-headed hydra bites you but does no damage.
You block the 11-headed hydra's attack.
The 11-headed hydra bites you but does no damage.
The 11-headed hydra closely misses you. You block the 11-headed hydra's attack.
The 11-headed hydra bites you.
* * * LOW HITPOINT WARNING * * *
Your plate armour prevents you from hitting the 11-headed hydra.
The 11-headed hydra is severely wounded.
The 11-headed hydra closely misses you. The 11-headed hydra bites you.
* * * LOW HITPOINT WARNING * * *
The 11-headed hydra bites you but does no damage.
The 11-headed hydra barely misses you. The 11-headed hydra bites you!
* * * LOW HITPOINT WARNING * * *
You block the 11-headed hydra's attack. The 11-headed hydra bites you!
You die...

...........#.....#..######.......
.#+####....#...<.#...............
.#....#....#.....................
.'....#.......P.P...P............
.#....#.......P.PP.....######....
.######.....P.P..P.....#....####.
.........P...P....P..P.#.......#.
..........PP..####..P.P#.......#.
.#######...P..#D@#...P.#.......#.
.#......#.P...'[.#............##.
.#......#....)####...P........#..
.+......#..PP....P.....#......#..
.#......#..P.P.....P.P.#......#..
.#.....)#..P..PPP......#......#..
.########.#....P.P...#.#.....###.
.........)#.....P....#.#...###.#.
..........#.....######.##+##...##


You could see a 11-headed hydra (corroded).

Vanquished Creatures
  An ogre mage (D:10)
  5 two-headed ogres
  A centaur warrior (D:10)
  A wizard (D:10)
  A cyclops (D:10)
  Maggie (D:6)
  A gargoyle (D:6)
  A komodo dragon (D:9)
  2 kobold demonologists (D:10)
  9 trolls
  The ghost of Joey the Chopper, an amateur HOBe of Trog (D:7)
  A slime creature (D:10)
  Sigmund (D:4)
  A shadow (D:10)
  2 wyverns
  8 yaks
  2 wraiths
  A steam dragon (D:10)
  A vampire mosquito (D:9)
  An ice beast (D:5)
  A sky beast (D:7)
  2 orc warriors (D:9)
  2 black bears
  2 centaurs
  A phantom (D:6)
  7 kobold brigands
  A bullfrog (D:9)
  A wyvern zombie (D:6)
  6 scorpions
  2 gnoll sergeants (D:10)
  2 electric eels (D:9)
  4 howler monkeys
  6 centaur zombies
  2 jellies
  3 bullfrog skeletons
  A centaur skeleton (D:5)
  An orc priest (D:9)
  Ijyb (D:3)
  5 iguanas
  4 orc wizards
  A hound skeleton (D:5)
  2 howler monkey zombies
  A gnoll (D:10)
  A howler monkey skeleton (D:6)
  11 adders
  5 river rats
  A shadow imp (D:7)
  An adder skeleton (D:4)
  2 worms (D:3)
  2 dart slugs
  12 orcs
  5 endoplasms
  5 giant cockroaches
  6 goblins
  3 hobgoblins
  2 jackals (D:2)
  5 quokkas
  11 ball pythons
  9 bats
  9 frilled lizards
  A gnoll zombie (D:5)
  31 kobolds
  A quokka skeleton (D:4)
  28 rats
251 creatures vanquished.

Vanquished Creatures (others)
  A vampire (D:10)
  An orc wizard (D:10)
  2 gnolls (D:10)
  7 fungi (D:9)
  62 plants
73 creatures vanquished.

Grand Total: 324 creatures vanquished

Notes
Turn   | Place    | Note
-------+----------+-------------------------------------------
     0 | D:1      | safid the Hill Orc Fighter began the quest for the Orb.
     0 | D:1      | Reached XP level 1. HP: 19/19 MP: 1/1
   477 | D:1      | Reached XP level 2. HP: 26/26 MP: 2/2
  1156 | D:2      | Reached XP level 3. HP: 31/31 MP: 3/3
  1239 | D:2      | Found a glowing golden altar of the Shining One.
  1691 | D:3      | Reached XP level 4. HP: 35/39 MP: 4/4
  1742 | D:3      | Found a faded altar of an unknown god.
  1945 | D:3      | Noticed Ijyb
  1971 | D:3      | Killed Ijyb
  2049 | D:3      | Reached skill level 5 in Axes
  2160 | D:3      | Reached XP level 5. HP: 45/45 MP: 5/5
  2163 | D:3      | Found a basalt altar of Yredelemnul.
  2237 | D:3      | Found a sacrificial altar of Ru.
  2331 | D:3      | Found a glowing golden altar of the Shining One.
  2376 | D:3      | Found a transporter.
  2385 | D:3      | Noticed styxcanada's ghost (amateur SpBr)
  2442 | D:3      | Found a transporter.
  2672 | D:4      | Reached skill level 5 in Shields
  2755 | D:4      | Reached XP level 6. HP: 20/51 MP: 6/6
  2762 | D:4      | Noticed Sigmund
  2983 | D:4      | Killed Sigmund
  3146 | D:4      | Reached XP level 7. HP: 50/57 MP: 7/7
  3433 | D:4      | Found a snail-covered altar of Cheibriados.
  3833 | D:5      | Entered Level 5 of the Dungeon
  3914 | D:5      | Reached skill level 5 in Armour
  4019 | D:5      | Found a glowing drain.
  4039 | Sewer    | Entered a sewer
  4389 | Sewer    | Reached XP level 8. HP: 23/64 MP: 8/8
  6164 | D:6      | Noticed Maggie
  6209 | D:6      | Killed Maggie
  6210 | D:6      | Reached XP level 9. HP: 31/70 MP: 9/9
  6497 | D:6      | Noticed a gargoyle
  6560 | D:6      | Found an iron altar of Okawaru.
  6589 | D:6      | Found a staircase to the Ecumenical Temple.
  6656 | D:6      | Killed a gargoyle
  7470 | D:7      | Reached skill level 10 in Axes
  7660 | D:7      | Found a runed translucent gate.
  7660 | D:7      | Found a runed translucent gate.
  7660 | D:7      | Found a runed translucent gate.
  7660 | D:7      | Noticed Joey's ghost (amateur HOBe)
  7689 | D:7      | Killed Joey's ghost
  7830 | D:7      | Found Uxyumuo's Jewellery Emporium.
  8289 | D:8      | Found a stormy altar of Qazlal.
  8555 | D:8      | Found a hide-covered altar of Uskayaw.
  8557 | D:8      | Became a worshipper of Beogh the Brigand
  8564 | D:8      | Noticed a two-headed ogre
  8615 | D:8      | Killed a two-headed ogre
  8616 | D:8      | Reached skill level 10 in Shields
  8616 | D:8      | Reached XP level 10. HP: 32/77 MP: 10/10
  8965 | D:8      | Found Hys Ice's General Store.
  8970 | D:8      | Bought a scroll of identify for 32 gold pieces
  8970 | D:8      | Bought a potion of curing for 48 gold pieces
  9887 | D:9      | Reached * piety under Beogh
 10450 | D:9      | Noticed a two-headed ogre
 10466 | D:9      | Found a sparkling altar of Nemelex Xobeh.
 10519 | D:9      | Killed a two-headed ogre
 10520 | D:9      | Reached skill level 10 in Armour
 10915 | D:9      | Reached XP level 11. HP: 42/82 MP: 11/11
 11422 | D:9      | Noticed a two-headed ogre
 11444 | D:9      | Killed a two-headed ogre
 11599 | D:9      | Found a staircase to the Lair.
 11780 | D:9      | Noticed an iron troll
 12386 | D:8      | Banished an iron troll
 12724 | D:10     | Entered Level 10 of the Dungeon
 12842 | D:10     | Found a radiant altar of Vehumet.
 12998 | D:10     | Noticed a centaur warrior
 13013 | D:10     | Killed a centaur warrior
 13014 | D:10     | Reached skill level 15 in Shields
 13020 | D:10     | Reached skill level 5 in Fighting
 13026 | D:10     | Noticed a fire giant
 13190 | Lair:1   | Entered Level 1 of the Lair of Beasts
 13299 | Lair:1   | Noticed an eight-headed hydra
 13403 | D:9      | Reached ** piety under Beogh
 13476 | D:10     | Noticed a cyclops
 13484 | D:10     | Noticed a two-headed ogre
 13495 | D:10     | Killed a two-headed ogre
 13496 | D:10     | Reached XP level 12. HP: 55/96 MP: 11/13
 13527 | D:10     | Reached skill level 15 in Axes
 13893 | D:10     | Noticed a two-headed ogre
 13904 | D:10     | Killed a two-headed ogre
 14040 | D:10     | Noticed an ogre mage
 14054 | D:10     | Killed an ogre mage
 14054 | D:10     | Noticed a tengu warrior
 14289 | D:9      | Slain by an 11-headed hydra

Illustrated notes

Levels and vault maps discovered:
D:1:      dpeg_arrival_rooms_c, layout_basic
D:2:      minmay_angry_zag, layout_rooms, basic_altar
D:3:      layout_loops_ring, nicolae_tso_swordbearing_angel,
          lemuel_coloured_pillars_altar, overflow_temple_1_default,
          shapermc_ecumenical_altar_starsandcircs, gammafunk_ghost_stat_death,
          uniq_ijyb
D:4:      layout_basic, mainiacjoe_overflow_boulevard, minmay_starry_boxes,
          uniq_sigmund
D:5:      layout_loops_corners, portal_sewer_entry_a, enter_ossuary_3,
          minmay_crystal_water
D:6:      layout_loops_ring, mainiacjoe_overflow_alcove_2,
          lemuel_temple_firewalk_a, minmay_misc_feat_pillars,
          minmay_manual_mail, uniq_maggie
D:7:      layout_rooms, ebering_ghost_rock_garden, serial_shops,
          kennysheep_mini, st_stairs_14
D:8:      layout_loops_ring, mainiacjoe_overflow_surrounded_room,
          grunt_qazlal_sundering, serial_shops, kennysheep_little_box
D:9:      lemuel_troll_bridge, layout_irregular_city,
          mainiacjoe_overflow_concentric_impassable,
          grunt_lair_entry_orc_guard_hut, minmay_lizard_king
D:10:     nzn_winding_woodlands_large [nzn_winding_woodlands_5x5_perimeter,
          nzn_winding_woodlands_5x15_default,
          nzn_winding_woodlands_5x5_open_star,
          nzn_winding_woodlands_center_garden,
          nzn_winding_woodlands_15x15_five_gardens,
          nzn_winding_woodlands_center_pierced_h,
          nzn_winding_woodlands_hourglass,
          nzn_winding_woodlands_5x15_river_crossing,
          nzn_winding_woodlands_5x5_three], layout_basic, fiery_altar_vehumet,
          orc_0_dummy, minmay_misc_feat_tower
Lair:1:   layout_loops_ring, columned_hall_lemuel

Skill      XL: |  1  2  3  4  5  6  7  8  9 10 11 12 |
---------------+-------------------------------------+-----
Axes           | 3 4 5 6 7 9 11 12 14 15 | 15.4
Shields        | 4 5 6 8 10 12 15 | 15.0
Armour         | 4 5 7 9 10 | 10.0
Fighting       | 6 7 |  7.4
Invocations    | 2 4 |  4.9

Action                   |  1- 3 |  4- 6 |  7- 9 | 10-12 || total
-------------------------+-------+-------+-------+-------++-------
Melee: War axe           |   112 |   109 |   428 |   413 ||  1062
Throw: Dart              |       |       |    26 |    82 ||   108
Invok: Convert to Beogh  |       |       |     1 |       ||     1
Evoke: Wand              |       |       |       |     4 ||     4
  Use: Potion            |       |     1 |     9 |     8 ||    18
       Scroll            |       |       |     7 |     3 ||    10
Armor: Plate armour      |    89 |    60 |   262 |   222 ||   633
Dodge: Dodged            |    12 |    13 |    80 |   114 ||   219
Block: Kite shield       |    66 |    50 |   257 |   289 ||   662
